 Dungeon Crawl Stone Soup version 0.18-a0-1560-ge216ca8 (webtiles) character file.

1399 Ijustatesigmund the Changer (level 8, -5/66 HPs)
             Began as an Octopode Transmuter on Mar 12, 2016.
             Slain by a killer bee (9 damage)
             ... on level 7 of the Dungeon.
             The game lasted 00:21:12 (9018 turns).

Ijustatesigmund the Changer (Octopode Transmuter)   Turns: 9018, Time: 00:21:12

Health: -5/66      AC:  6    Str:  9    XL:     8   Next: 69%
Magic:  6/13       EV: 10    Int: 17    God:
Gold:   342        SH:  0    Dex: 13    Spells: 4 memorised, 3 levels left

rFire  x . .     SeeInvis .       - Unarmed
rCold  + + +     Gourm    .     (shield currently unavailable)
rNeg   . . .     Faith    .     (helmet currently unavailable)
rPois  +         Spirit   .     (no amulet)
rElec  .         Dismiss  .     (no ring)
rCorr  .         Reflect  .     (no ring)
SustAt .         Harm     .     (no ring)
MR     .....                    (no ring)
Stlth  ++........               (no ring)
                                (no ring)
                                (no ring)
                                (no ring)

@: about to teleport, ice-form, not resistant to hostile enchantments,
unstealthy
A: almost no armour, amphibious, 8 rings, (constrict 8), (camouflage 0),
(gelatinous body 0)
a: End Transformation


You were on level 7 of the Dungeon.
You were not hungry.
You were a creature of crystalline ice.
You visited 2 branches of the dungeon, and saw 8 of its levels.

You collected 342 gold pieces.

Inventory:

Missiles
 a - 3 arrows
 m - 8 throwing nets (quivered)
 p - 12 tomahawks
Armour
 h - a +1 shield
Wands
 e - a wand of polymorph (21/24)
Scrolls
 i - 2 scrolls of blinking
 k - a scroll of teleportation
 l - 3 scrolls of magic mapping
 o - 4 scrolls of remove curse
 q - 3 scrolls of identify
Potions
 d - a potion of flight
 f - a potion of agility
 g - 5 potions of might
 j - a potion of haste
 r - 2 potions of magic
Books
 b - a book of Changes

   Spells                             Type                      Level
   a - Beastly Appendage              Transmutation                1
   b - Sticks to Snakes               Transmutation                2
   c - Spider Form                    Transmutation/Poison         3
   d - Ice Form                       Ice/Transmutation            4
   e - Blade Hands                    Transmutation                5
Comestibles
 c - 3 bread rations
 s - 2 chunks of flesh


   Skills:
 - Level 5.3 Fighting
 - Level 2.0 Dodging
 - Level 3.3 Stealth
 - Level 5.0 Unarmed Combat
 - Level 3.4 Spellcasting
 + Level 5.7 Transmutations
 + Level 3.0 Ice Magic
 - Level 2.5 Poison Magic


You had 3 spell levels left.
You knew the following spells:

 Your Spells              Type           Power        Failure   Level  Hunger
a - Beastly Appendage     Trmt           ###...       1%          1    None
b - Sticks to Snakes      Trmt           ###.....     2%          2    ##.....
c - Spider Form           Trmt/Pois      ###.......   10%         3    ###....
d - Ice Form              Ice/Trmt       ###.....     30%         4    ####...


Dungeon Overview and Level Annotations

Branches:
Dungeon (7/15)             Temple (1/1) D:6

Altars:
Dithmenos
Elyvilon
Fedhas
Gozag
Kikubaaqudgha
Makhleb
Nemelex Xobeh
Okawaru
Pakellas
Qazlal
Trog
Vehumet
Xom
Yredelemnul
Zin

Annotations:
D:3 namelastname112's ghost, amateur DrWn


Innate Abilities, Weirdness & Mutations

You cannot wear most types of armour.
You are amphibious.
You can wear up to eight rings at the same time.
((You can use your tentacles to constrict eight enemies at once.))
((Your skin changes colour to match your surroundings (Stealth).))
((Your rubbery body absorbs attacks (AC +1).))


Message History

* * * LOW HITPOINT WARNING * * *
The killer bee closely misses you. The killer bee stings you.
* * * LOW HITPOINT WARNING * * *
You are poisoned.
The killer bee poisons you! The killer bee barely misses you.
The killer bee stings you but does no damage. x2
The killer bee closely misses you.
Drink which item? (? for menu, Esc to quit)
You feel better. The killer bee stings you.
* * * LOW HITPOINT WARNING * * *
The killer bee stings you.
* * * LOW HITPOINT WARNING * * *
The killer bee stings you!
* * * LOW HITPOINT WARNING * * *
The killer bee barely misses you. The killer bee closely misses you.
The killer bee barely misses you. x2; The killer bee closely misses you. x3
The killer bee closely misses you.
The killer bee stings you but does no damage.
The killer bee stings you!
You die...

## . #.# ... #.#
########.... #..#
#...y.l.....
#..####..Yyyh.#
#)<##....yy..#
##)))........#
#..............
....!.............
#.......#...........
#................##.
#....##..#......##
#..... #..#.....#


You could see a hound, 5 killer bees and a giant gecko.

Vanquished Creatures
  2 phantoms (D:5)
  3 ogres
  2 giant frogs (D:6)
  A scorpion (D:4)
  2 centaur zombies (D:5)
  2 jellies
  3 orc wizards
  An orc priest (D:5)
  A centaur skeleton (D:5)
  Crazy Yiuf (D:4)
  A giant frog skeleton (D:6)
  Natasha (thrice) (D:4)
  2 worker ants
  2 iguanas (D:5)
  A hound skeleton (D:5)
  Robin (D:2)
  9 gnolls
  9 adders
  A shadow imp (D:6)
  An adder skeleton (D:4)
  2 worms
  2 dart slugs
  3 giant geckos
  13 orcs
  2 ball pythons
  6 bats
  A giant cockroach (D:4)
  7 hobgoblins
  7 jackals
  6 kobolds
  2 quokkas
  A ball python skeleton (D:4)
  4 giant newts
  15 goblins
  6 rats
125 creatures vanquished.

Vanquished Creatures (collateral kills)
  An adder (D:2)
  A giant gecko (D:3)
2 creatures vanquished.

Grand Total: 127 creatures vanquished

Notes
Turn   | Place    | Note
--------------------------------------------------------------
     0 | D:1      | Ijustatesigmund the Octopode Transmuter began the quest for the Orb.
     0 | D:1      | Reached XP level 1. HP: 13/13 MP: 3/3
    64 | D:1      | Reached XP level 2. HP: 12/19 MP: 3/5
   175 | D:1      | Learned a level 2 spell: Sticks to Snakes
   705 | D:1      | Reached XP level 3. HP: 17/24 MP: 6/6
   710 | D:1      | Learned a level 3 spell: Spider Form
  1374 | D:2      | Reached skill level 1 in Poison Magic
  1572 | D:2      | Noticed Robin
  1578 | D:2      | Killed Robin
  1596 | D:2      | Reached XP level 4. HP: 15/30 MP: 4/7
  1843 | D:2      | Found a shadowy altar of Dithmenos.
  2070 | D:2      | Found a blossoming altar of Fedhas.
  2070 | D:2      | Found an ancient bone altar of Kikubaaqudgha.
  2544 | D:2      | Reached XP level 5. HP: 32/36 MP: 4/8
  3194 | D:3      | Noticed namelastname112's ghost (amateur DrWn)
  3535 | D:4      | Noticed Natasha
  3573 | D:4      | Killed Natasha
  3573 | D:4      | Reached skill level 1 in Stealth
  3655 | D:4      | Noticed Natasha
  3661 | D:4      | Killed Natasha
  3979 | D:4      | Reached XP level 6. HP: 31/42 MP: 5/9
  4363 | D:4      | Noticed Natasha
  4370 | D:4      | Killed Natasha
  4545 | D:4      | Noticed Crazy Yiuf
  4554 | D:4      | Killed Crazy Yiuf
  4996 | D:5      | Entered Level 5 of the Dungeon
  5004 | D:5      | Reached XP level 7. HP: 22/48 MP: 8/10
  5521 | D:5      | Reached skill level 5 in Unarmed Combat
  6575 | D:5      | Reached skill level 5 in Fighting
  6575 | D:5      | Reached XP level 8. HP: 15/55 MP: 9/12
  7824 | D:6      | Learned a level 4 spell: Ice Form
  7880 | D:6      | Reached skill level 1 in Ice Magic
  8120 | D:6      | Reached skill level 5 in Transmutations
  8212 | D:6      | Got a crystal great mace
  8213 | D:6      | Identified the +4 great mace "Arikikk" {freeze, +Rage Dex-2 SInv} (You found it on level 6 of the Dungeon)
  8266 | D:6      | Found an opulent altar of Gozag.
  8267 | D:6      | Found a sparkling altar of Nemelex Xobeh.
  8364 | D:6      | Found a staircase to the Ecumenical Temple.
  8370 | Temple   | Entered the Ecumenical Temple
  9018 | D:7      | Slain by a killer bee

Vault maps used:
D:1:      dpeg_arrival_signposts
D:2:      grunt_temple_overflow_growth_and_decay, grunt_dithmenos_smoke,
          minmay_shallow_snake_nest, uniq_robin
D:3:      lemuel_doored_altar, first_bread, kennysheep_cross_room,
          kennysheep_donut, okawaru_gym_becter
D:4:      hangedman_abyss_or_decor_slice, uniq_natasha, uniq_crazy_yiuf_cottage
D:6:      grunt_temple_overflow_opulence, minmay_temple_entry_enclosed_plants,
          kennysheep_generic_room_10
D:7:      lemuel_round_altar, ashenzari_conservatory_becter, serial_shops,
          kennysheep_mini_moat, nemelex_lonely_heart_becter
Temple:   chambers_temple_10

Skill      XL: |  1  2  3  4  5  6  7  8 |
---------------+-------------------------+-----
Fighting       | 2 3 4 5 |  5.3
Poison Magic   | 1 2 |  2.5
Unarmed Combat | 4 5 |  5.0
Stealth        | 1 3 |  3.3
Transmutations | 3 4 5 |  5.7
Spellcasting   | 3 |  3.4
Ice Magic      | 3 |  3.0
Dodging        | |  2.0

Action                   |  1- 3 |  4- 6 |  7- 9 || total
-------------------------+-------+-------+-------++-------
Melee: Unarmed           |    69 |   155 |   176 ||   400
 Cast: Beastly Appendage |     2 |    10 |     9 ||    21
       Spider Form       |     1 |     8 |     9 ||    18
       Sticks to Snakes  |       |    12 |     6 ||    18
       Ice Form          |       |       |     1 ||     1
 Abil: End Transformatio |       |     1 |       ||     1
  Use: Scroll            |     5 |     8 |     5 ||    18
       Potion            |     2 |     6 |     2 ||    10
 Stab: Sleeping          |     3 |     9 |     7 ||    19
  Eat: Chunk             |     2 |    10 |     7 ||    19
       Royal jelly       |       |     1 |       ||     1
       Bread ration      |       |     1 |     1 ||     2
       Fruit             |       |     1 |       ||     1
